Map: Santuario olvidado

Players

MrFercho - Winner!

  • Race: Terran Terran
  • Spawn Location: 6:00

tigro

  • Race: Terran Terran
  • Spawn Location: 9:00

VOD

Have the link to the VOD?

Description

Time

  • Played on: Feb. 11, 2018, 9:47 p.m.
  • Length: 41:41
Show
View Real Time Build Order
Export as new Build Order

MrFercho Terran - Winner!

Build Orders: 2 Factory 

Get SALT Encoding   

  12  0:02  SCV  
  13  0:14  SCV  
  14  0:26  Supply Depot, SCV  
  15  0:47  Refinery  
  15  0:53  Refinery  
  15  1:03  Barracks  
  15  1:11  Barracks  
  15  1:16  SCV  
  16  1:28  SCV  
  17  1:40  SCV  
  18  1:48  Supply Depot  
  18  1:52  SCV  
  19  2:04  SCV  
  20  2:09  Barracks Tech Lab  
  20  2:10  Barracks Tech Lab  
  20  2:16  SCV  
  21  2:28  Factory  
  21  2:39  Orbital Command  
  21  2:53  Marauder  
  21  2:56  Marine  
  24  3:12  Factory  
  24  3:13  Marine  
  25  3:23  Factory Tech Lab  
  25  3:26  SCV  
  26  3:38  SCV  
  27  3:50  SCV  
  28  3:58  Factory Tech Lab  
  28  4:02  SCV  
  29  4:14  SCV  
  30  4:26  SCV  
  31  4:31  Supply Depot  
  31  4:33  Supply Depot  
  31  4:53  Supply Depot, Siege Tank, SCV  
  31  4:55  Supply Depot  
  35  5:05  SCV  
  36  5:25  Command Center  
  36  5:30  Refinery  
  36  5:46  SCV  
  37  5:56  Refinery  
  37  5:58  SCV  
  37  5:59  Engineering Bay  
  38  6:08  Command Center  
  38  6:10  SCV  
  39  6:18  Refinery  
  39  6:22  SCV  
  40  6:26  Engineering Bay  
  40  6:31  Refinery  
  40  6:35  SCV  
  41  6:47  Widow Mine x2, SCV  
  46  6:59  SCV  
  47  7:05  Armory  
  47  7:08  Terran Infantry Weapons Level 1  
  47  7:09  Widow Mine x2  
  47  7:11  SCV  
  52  7:24  SCV  
  52  7:28  Orbital Command  
  53  7:30  Widow Mine  
  53  7:36  SCV  
  56  7:39  Orbital Command  
  56  7:48  SCV  
  57  8:00  SCV  
  50  8:11  Thor  
  50  8:12  SCV, Siege Tank  
  60  8:21  Marauder x2  
  64  8:41  Marine  
  64  8:42  Marine  
  64  8:44  Cyclone  
  69  8:54  Hellion  
  71  9:00  SCV  
  72  9:12  SCV  
  73  9:23  Sensor Tower  
  73  9:25  SCV  
  74  9:37  SCV  
  75  9:44  Starport  
  75  9:49  SCV  
  76  9:55  Sensor Tower, Missile Turret  
  76  10:15  SCV  
  76  10:17  Missile Turret  
  77  10:21  Starport  
  77  10:27  SCV  
  78  10:31  Sensor Tower  
  78  10:38  Missile Turret  
  78  10:39  SCV  
  77  10:48  Command Center  
  77  10:51  SCV  
  78  10:58  Starport  
  78  11:03  SCV, Starport Tech Lab  
  78  11:04  Starport Tech Lab  
  79  11:05  Missile Turret  
  79  11:27  Missile Turret  
  79  11:30  Sensor Tower  
  79  11:49  Missile Turret  
  79  11:57  SCV  
  79  11:59  Refinery  
  79  12:00  Refinery  
  80  12:05  Starport Tech Lab  
  80  12:09  SCV  
  80  12:11  Missile Turret  
  81  12:21  SCV  
  81  12:22  Sensor Tower, Fusion Core  
  82  12:29  Liberator  
  82  12:30  Terran Infantry Weapons Level 2, Terran Infantry Armor Level 1  
  82  12:33  SCV  
  82  12:34  Armory  
  80  12:45  SCV  
  80  12:47  Banshee  
  87  13:00  Weapon Refit  
  87  13:01  Widow Mine x2  
  91  13:21  Armory  
  91  13:23  Widow Mine x2  
  95  13:32  Supply Depot  
  95  13:44  Widow Mine x2  
  95  13:45  SCV  
  100  13:52  SCV  
  100  13:55  Supply Depot  
  101  13:57  SCV  
  102  14:04  SCV  
  102  14:05  Thor, Siege Tank  
  102  14:09  SCV  
  113  14:16  SCV  
  114  14:19  Supply Depot  
  114  14:21  SCV  
  115  14:29  SCV  
  115  14:30  Ghost Academy  
  116  14:33  Orbital Command  
  116  14:41  SCV  
  116  14:42  Supply Depot  
  117  14:52  Command Center  
  117  14:59  Ghost Academy  
  117  15:06  Supply Depot  
  117  15:29  Supply Depot  
  117  15:30  Ghost Academy  
  117  15:40  Refinery x2  
  117  15:53  Supply Depot  
  117  16:00  Ghost Academy  
  117  16:15  Command Center  
  117  16:18  Missile Turret  
  117  16:24  Terran Ship Weapons Level 1  
  117  16:25  Terran Vehicle And Ship Armor Level 1, Terran Vehicle Weapons Level 1  
  117  16:27  Terran Infantry Armor Level 2  
  117  16:28  Terran Infantry Weapons Level 3  
  117  16:31  Ghost Academy  
  117  16:36  Personal Cloaking  
  117  16:37  Missile Turret  
  117  16:58  Missile Turret  
  117  17:00  Ghost Academy  
  117  17:10  Refinery  
  117  17:15  Barracks  
  117  17:18  Missile Turret  
  117  17:23  Factory  
  117  17:28  Combat Shield  
  117  17:31  Ghost Academy, Infernal Pre-Igniter  
  117  17:32  Rapid Fire Launchers  
  117  17:36  Refinery  
  117  17:39  Rapid Reignition System, Corvid Reactor  
  117  17:40  Cloaking Field  
  117  17:46  Command Center  
  117  17:47  Missile Turret  
  117  17:50  Stimpack  
  117  18:02  Refinery  
  117  18:05  Barracks  
  117  18:06  Ghost Academy  
  117  18:09  Factory  
  117  18:17  Missile Turret  
  117  18:25  Terran Vehicle And Ship Armor Level 2, Terran Vehicle Weapons Level 2  
  117  18:26  Terran Ship Weapons Level 2  
  117  18:28  Liberator, Refinery  
  117  18:36  Hyperflight Rotors  
  117  18:37  Ghost Academy  
  117  18:40  Missile Turret  
  117  18:43  Battlecruiser, Neosteel Armor  
  117  18:44  Battlecruiser  
  117  18:46  Concussive Shells  
  132  18:50  Drilling Claws  
  132  18:51  Smart Servos  
  132  18:57  Advanced Ballistics, Refinery  
  132  19:05  Command Center, Neosteel Frame  
  132  19:07  Missile Turret  
  132  19:11  Liberator  
  132  19:12  Ghost Academy  
  132  19:17  Thor  
  132  19:18  Cyclone  
  132  19:24  Refinery  
  144  19:32  Sensor Tower  
  144  19:38  Missile Turret  
  144  19:41  Ghost Academy  
  144  19:48  Banshee x2  
  144  19:50  Cyclone  
  153  20:00  Siege Tank  
  156  20:10  Banshee  
  156  20:12  Ghost Academy  
  156  20:14  Ghost x2  
  163  20:22  Siege Tank  
  163  20:23  Command Center, Hi-Sec Auto Tracking  
  166  20:31  Viking, Banshee  
  166  20:34  Barracks Tech Lab x2  
  171  20:36  Factory Tech Lab x2  
  171  20:42  Ghost x2  
  175  20:53  Viking  
  177  21:01  Viking  
  179  21:11  Ghost x2  
  179  21:13  Raven  
  183  21:23  Raven  
  185  21:31  Raven  
  187  21:40  Marauder x2  
  191  21:51  Nuke  
  191  21:52  Nuke x6  
  191  21:53  Nuke x5  
  191  21:56  Raven  
  193  22:01  Marauder  
  193  22:02  Marauder  
  193  22:06  Raven  
  197  22:39  Raven  
  197  23:00  Medivac  
  155  25:22  Marauder x3  
  155  25:23  Marauder  
  155  25:27  Thor  
  155  25:28  Thor x2  
  163  25:31  Siege Tank  
  160  25:39  Battlecruiser  
  160  25:40  Battlecruiser  
  160  25:42  Marine, Banshee  
  175  25:43  Marine x2  
  175  25:44  Marine  
  177  26:03  Siege Tank  
  180  26:11  Hellion  
  182  26:25  Banshee  
  185  26:43  Banshee  
  185  26:44  Banshee  
  191  27:08  Banshee  
  194  27:26  Banshee  
  197  27:40  Nuke x4  
  196  28:07  Missile Turret  
  196  28:08  Missile Turret  
  196  28:11  Missile Turret  
  196  28:16  Missile Turret x2  
  196  28:19  Viking x2  
  200  28:20  Missile Turret  
  200  28:27  Missile Turret  
  200  28:30  Missile Turret  
  197  28:34  Missile Turret  
  197  28:40  Missile Turret  
  191  29:17  Terran Vehicle And Ship Armor Level 3, Terran Ship Weapons Level 3, Terran Vehicle Weapons Level 3  
  185  29:20  Terran Infantry Armor Level 3  
  154  30:30  Missile Turret  
  152  30:37  Supply Depot  
  152  30:39  Supply Depot  
  152  30:50  Ghost Academy  
  152  30:53  Ghost Academy, Supply Depot  
  152  31:01  Supply Depot  
  152  31:02  Supply Depot  
  152  31:12  Refinery  
  152  31:14  Command Center, Refinery  
  152  31:16  Orbital Command  
  152  31:17  Supply Depot  
  152  31:21  Ghost Academy  
  152  31:23  Ghost Academy  
  146  31:51  Ghost Academy  
  146  31:54  Ghost Academy  
  146  32:02  Command Center  
  146  32:09  Refinery  
  146  32:11  Refinery  
  146  32:14  Refinery  
  146  32:20  Refinery  
  146  32:23  Ghost Academy  
  146  32:29  Orbital Command  
  146  33:14  Thor x3  
  146  33:15  Cyclone  
  146  33:17  Battlecruiser  
  146  33:18  Battlecruiser x2  
  180  33:48  Cyclone  
  161  34:22  Nuke x4, Battlecruiser x3  
  161  34:23  Nuke x3  
  179  35:16  Ghost x3  
  179  35:17  Ghost  
  187  35:26  Viking x2, Battlecruiser  
  197  35:56  Viking, Banshee  
  188  36:25  Banshee  
  188  36:30  Banshee  
Show
View Real Time Build Order
Export as new Build Order

tigro Terran 

Build Orders:  

Get SALT Encoding   

  12  0:06  SCV  
  13  0:18  Supply Depot  
  13  0:24  SCV  
  14  0:35  Refinery  
  14  0:36  SCV  
  15  0:52  Barracks  
  15  0:55  SCV  
  16  1:07  SCV  
  16  1:09  Refinery  
  17  1:36  SCV  
  18  1:43  Engineering Bay  
  18  1:44  Marine  
  19  1:49  SCV  
  20  2:02  Marine  
  21  2:12  Supply Depot  
  21  2:15  SCV  
  22  2:20  Marine  
  23  2:38  Marine  
  24  2:46  Factory  
  24  2:56  Marine  
  25  3:07  Terran Infantry Weapons Level 1  
  25  3:13  Marine  
  26  3:30  SCV  
  27  4:02  Factory Tech Lab  
  27  4:05  Command Center  
  28  4:14  Barracks Tech Lab  
  27  4:32  SCV  
  27  4:37  Refinery  
  28  4:39  Marauder  
  28  4:42  Combat Shield  
  30  5:02  Terran Infantry Armor Level 1  
  30  5:06  SCV  
  31  5:12  Refinery  
  31  5:17  Marauder  
  33  5:21  Supply Depot  
  33  5:38  Marauder  
  33  5:40  Missile Turret, Orbital Command  
  35  5:45  Planetary Fortress  
  35  6:00  Marauder  
  37  6:18  Missile Turret  
  37  6:21  Marauder  
  37  6:23  Stimpack  
  37  6:25  Infernal Pre-Igniter  
  39  6:29  SCV  
  40  6:34  SCV  
  40  6:36  Bunker  
  41  6:46  SCV  
  42  6:56  Neosteel Armor  
  42  6:58  Missile Turret, SCV  
  43  7:07  Missile Turret  
  43  7:41  Armory  
  43  7:59  Starport  
  37  8:13  SCV  
  38  8:30  Rapid Fire Launchers  
  36  8:35  Neosteel Frame  
  36  8:36  Thor  
  42  8:54  Medivac  
  44  8:58  Terran Ship Weapons Level 1  
  44  9:01  Missile Turret  
  44  9:17  Ghost Academy  
  44  9:19  Thor, Missile Turret  
  50  9:29  SCV  
  51  9:41  SCV  
  52  9:49  Marauder, Drilling Claws  
  52  9:51  Missile Turret  
  54  10:15  Supply Depot  
  54  10:29  Command Center  
  54  10:33  Starport Tech Lab  
  54  10:36  Marauder, SCV x2  
  58  10:48  SCV  
  59  10:52  Terran Vehicle Weapons Level 1  
  59  11:00  SCV  
  60  11:07  Smart Servos  
  60  11:16  Terran Infantry Weapons Level 2  
  60  11:18  Fusion Core  
  60  11:20  Missile Turret  
  60  11:40  Thor  
  60  11:42  Hyperflight Rotors  
  66  11:49  Concussive Shells  
  66  12:04  Refinery, Weapon Refit  
  66  12:07  SCV  
  67  12:15  SCV  
  68  12:19  SCV  
  69  12:23  Siege Tank  
  72  12:31  SCV  
  71  12:46  Terran Vehicle And Ship Armor Level 1  
  71  12:55  Siege Tank  
  74  13:27  Siege Tank  
  74  13:33  Hi-Sec Auto Tracking  
  77  13:42  Cloaking Field  
  77  13:53  Missile Turret  
  77  14:14  Supply Depot  
  77  14:29  Terran Infantry Armor Level 2  
  77  14:35  Marine  
  77  14:36  Battlecruiser  
  84  14:40  Terran Ship Weapons Level 2  
  84  14:45  Refinery  
  84  14:53  Marine  
  85  15:01  Corvid Reactor  
  85  15:52  Planetary Fortress  
  85  16:20  Rapid Reignition System  
  85  16:23  Personal Cloaking  
  85  16:30  Supply Depot  
  85  16:51  Medivac, Siege Tank  
  90  16:56  Terran Vehicle Weapons Level 2  
  90  17:09  Bunker  
  90  17:17  Advanced Ballistics  
  90  17:32  Supply Depot  
  90  17:49  Nuke  
  90  17:54  Battlecruiser  
  96  18:00  Missile Turret  
  96  18:22  Barracks  
  96  18:27  Supply Depot  
  96  18:33  SCV  
  97  18:58  Battlecruiser  
  103  19:11  Terran Vehicle And Ship Armor Level 2  
  103  19:12  Refinery  
  103  19:15  Supply Depot  
  103  19:37  Widow Mine  
  105  19:51  Missile Turret  
  105  19:58  Widow Mine  
  105  19:59  SCV  
  108  20:02  Battlecruiser  
  114  20:20  Widow Mine  
  116  20:34  Barracks Tech Lab  
  116  20:36  Marine  
  117  20:47  Widow Mine  
  117  21:27  Terran Ship Weapons Level 3  
  117  21:33  Supply Depot  
  117  21:55  Marine x2, Battlecruiser  
  117  21:57  Supply Depot  
  125  22:18  Marine x2  
  125  22:19  Widow Mine  
  127  22:36  Marine x2  
  129  22:40  Siege Tank  
  132  22:54  Marine  
  133  23:32  Missile Turret  
  133  24:14  Supply Depot  
  133  24:36  Marine x2, Battlecruiser  
  141  24:43  Command Center  
  139  25:05  Siege Tank  
  128  25:37  Siege Tank  
  131  25:58  Bunker  
  128  26:09  Siege Tank  
  131  26:32  Command Center  
  131  26:41  Thor  
  131  26:43  Refinery  
  137  26:48  SCV  
  137  26:50  Refinery  
  138  26:54  Missile Turret  
  126  27:24  Thor  
  124  28:07  Thor  
  75  29:42  Battlecruiser  
  75  29:44  Thor  
  81  29:48  Marauder  
  81  29:51  Marine  
  83  30:09  Marine  
  83  30:10  Marauder  
  86  30:27  Marine, Siege Tank  
  74  30:31  Marauder  
  64  30:45  Marine  
  59  30:53  Marauder  
  61  31:02  Marine  
  62  31:12  Fusion Core  
  62  31:14  Marauder  
  64  31:19  Refinery  
  64  31:23  Barracks  
  64  32:17  Bunker  
  64  32:22  Armory  
  64  32:31  Barracks Tech Lab  
  64  32:34  Refinery  
  64  33:13  Ghost Academy, Marine  
  65  33:31  Marine  
  66  33:37  Marine  
  59  33:48  Marine  
  59  33:54  Thor, Marine  
  54  33:57  Battlecruiser  
  47  34:06  Marine  
  48  34:12  Marine  
  49  34:22  Orbital Command  
  49  34:24  Marine  
  49  34:30  Marine  
  51  34:36  Missile Turret  
  51  34:42  Marine  
  51  34:43  Planetary Fortress  
  52  34:46  Marine  
  52  34:48  Marine  
  54  35:00  Marine  
  54  35:04  Marine  
  56  35:22  Marine, SCV  
  58  35:34  SCV  
  60  35:35  SCV  
  37  36:13  Thor  
  31  36:46  Marine  
  32  37:04  Marine  
  33  37:12  Missile Turret  
  33  37:21  Marine  
  28  37:39  Marine, Missile Turret  
  25  38:28  Marauder  
  15  38:50  Marauder  
  14  38:56  SCV  
  11  39:08  SCV  
  11  39:11  Marauder  
  6  39:29  SCV  
  5  39:51  Engineering Bay  
  5  40:24  Missile Turret  
  5  40:55  Missile Turret  
Tags
 
Matchup
TvT
Opening
2 Factory
Race
Terran
Replay Pack
MrFercho
Spawn Locations
Close Positions
Add a new tag
Caveats
  • Supply blocks, unpowered buildings, or Contaminate may cause inaccurate times.
  • Supply counts are checked every 10 seconds.